 Dungeon Crawl Stone Soup version 0.31-a0-246-g8cbcc1cb85 (webtiles) character file.

Game seed: 7585188481207865741

23 qw the Shooter (level 2, -2/17 HPs)
             Began as a Gargoyle Hexslinger on July 12, 2023.
             Slain by a gnoll
             ... wielding a +0 spear
              (3 damage)
             ... on level 1 of the Dungeon.
             The game lasted 00:00:11 (438 turns).

qw the Shooter (Gargoyle Hexslinger)                 Turns: 438, Time: 00:00:12

Health: -2/17      AC:  4    Str: 11    XL:     2   Next: 95%
Magic:  3/3        EV: 12    Int: 13    God:
Gold:   18         SH:  0    Dex: 12    Spells: 2/3 levels left

rFire   . . .        a - +1 sling
rCold   . . .        (no shield)
rNeg    + . .        c - +0 robe
rPois   inf          (no helmet)
rElec   +            (no cloak)
rCorr   .            (no gloves)
SInv    .            (no boots)
Will    .....        (no amulet)
Stlth   +            (no ring)
HPRegen 0.22/turn    (no ring)
MPRegen 0.08/turn

%: no passive effects
@: no status effects
A: sickness immunity, AC +2, negative energy resistance 1, electricity
resistance, torment resistance 1, petrification resistance
a: no special abilities


You were on level 1 of the Dungeon.
You visited 1 branch of the dungeon, and saw 1 of its levels.

You collected 18 gold pieces.


Innate Abilities, Weirdness & Mutations

You are immune to sickness and miasma.
Your stone body is resilient. (AC +2)
You are immune to poison.
You resist negative energy. (rN+)
You are resistant to electric shocks. (rElec)
You are resistant to unholy torment.
You are immune to petrification.


   Skills:
 + Level 1.8 Fighting
 - Level 3.0 Ranged Weapons
 - Level 1.5 Dodging
 - Level 1.0 Spellcasting
 - Level 2.6 Hexes


You had 2 spell levels left.
You knew the following spells:

 Your Spells              Type           Power      Damage    Failure   Level
a - Slow                  Hex            28%        N/A       10%         1

Your spell library contained the following spells:

 Spells                   Type           Power      Damage    Failure   Level
 Inner Flame              Hex/Fire       4%         N/A       43%         3
 Portal Projectile        Hex/Tloc       8%         N/A       43%         3
 Cause Fear               Hex            3%         N/A       67%         4

Inventory:

Hand Weapons
 a - a +1 sling (weapon)
Armour
 c - a +0 robe (worn)
 d - a +0 pair of gloves
Scrolls
 b - a scroll of poison
 g - a scroll of fog {unknown}
 h - a scroll of butterflies {unknown}
Potions
 e - 2 potions of mutation {unknown}
 f - a potion of lignification {unknown}

Dungeon Overview and Level Annotations

Branches:
Dungeon (1/15)

Altars:


Message History

You see here 4 large rocks.
There is a faded altar of an unknown god here.
You see here 3 javelins.
You see here a rat corpse.
There is a stone staircase leading down here.
Found a stone staircase leading down.
An endoplasm comes into view.
Found a flail.
Found a stone staircase leading down.
The endoplasm quivers.
You shoot a sling bullet. The sling bullet hits the endoplasm.
You kill the endoplasm!
A kobold and a gnoll come into view.
The kobold shouts!
Enter note:
Enter note:
Enter note: You shoot a sling bullet.
The sling bullet closely misses the kobold.
The gnoll shouts!
You shoot a sling bullet.
The sling bullet hits the kobold but does no damage.
You shoot a sling bullet. The sling bullet hits the kobold.
The kobold is heavily wounded.
You shoot a sling bullet.
The sling bullet closely misses the kobold.
You shoot a sling bullet.
The sling bullet barely misses the kobold.
The gnoll hits you from afar with a +0 spear!
The kobold misses you.
You shoot a sling bullet. The sling bullet hits the kobold.
You kill the kobold!
The gnoll hits you from afar with a +0 spear.
The gnoll barely misses you.
You shoot a sling bullet.
The sling bullet closely misses the gnoll.
The gnoll hits you from afar with a +0 spear.
You shoot a sling bullet.
The sling bullet barely misses the gnoll.
The gnoll hits you from afar with a +0 spear.
You die...

#............##
..............#
...)........>.# ####
....>.........#
~..##
..............#
~~~.#
......g.......#
~~..# ......)......#
...# #.....@....#
### ####
######.##### ~#
##..#### #.#
#####....#.#####.###
..###....#......>..#
..#8#....'.#.......#
..'.'..#.'.........#
..#8#.(..'.#.......#
..###....######.####


You could see a gnoll.

Vanquished Creatures
  2 dart slugs (D:1)
  3 endoplasms (D:1)
  A goblin (D:1)
  2 hobgoblins (D:1)
  2 kobolds (D:1)
  A quokka (D:1)
  3 ball pythons (D:1)
  2 frilled lizards (D:1)
  A rat (D:1)
17 creatures vanquished.

Notes
Turn   | Place    | Note
-------+----------+-------------------------------------------
     0 | D:1      | qw the Gargoyle Hexslinger began the quest for the Orb.
     0 | D:1      | Reached XP level 1. HP: 12/12 MP: 2/2
     0 | D:1      | 0 ||| qw: Version: 0.3-a-52-g30416fa
     0 | D:1      | 0 ||| qw: Game counter: 6282
     0 | D:1      | 0 ||| qw: Melee chars always use a shield: true
     0 | D:1      | 0 ||| qw: God list: Okawaru
     0 | D:1      | 0 ||| qw: Allow faded altars: false
     0 | D:1      | 0 ||| qw: Do Orc after clearing Dungeon:15 true
     0 | D:1      | 0 ||| qw: Do second Lair branch before Depths: true
     0 | D:1      | 0 ||| qw: Lair rune preference: random
     0 | D:1      | 0 ||| qw: Goals: Normal
     0 | D:1      | 0 ||| PLANNING D:1-11
   204 | D:1      | Found a faded altar of an unknown god.
   228 | D:1      | Reached XP level 2. HP: 16/16 MP: 3/3
   301 | D:1      | Reached skill level 3 in Ranged Weapons
   301 | D:1      | 301 ||| Stepping ~*~*~tactically~*~*~ (outnumbered).
   303 | D:1      | 303 ||| Stepping ~*~*~tactically~*~*~ (outnumbered).
   436 | D:1      | HP: 4/17 [gnoll/+0 spear (5)]
   437 | D:1      | HP: 1/17 [gnoll/+0 spear (4)]
   438 | D:1      | Slain by a gnoll

Levels and vault maps discovered:
D:1:      shiori_arrival_elements, layout_rooms, shapermc_ecumenical_altar_gd

Skill      XL: |  1  2 |
---------------+-------+-----
Ranged Weapons | 3 |  3.0
Fighting       | |  1.8
Dodging        | |  1.5
Spellcasting   | |  1.0
Hexes          | |  2.6

Action                     || total
---------------------------++-------
   Fire: Sling             ||    44
 Armour: Robe              ||     2
  Dodge: Dodged            ||     7

Table legend:
 A = Non-vault XP
 B = Vault XP
 C = Vault XP percentage of total XP
 D = Non-vault monster count
 E = Vault monster count
 F = Vault count percentage of total count
                 A         B        C        D         E       F
            +---------+---------+-------+---------+---------+-------
      Total |      33 |       0 |   0.0 |      17 |       0 |   0.0
            +---------+---------+-------+---------+---------+-------
        D:1 |      33 |       0 |   0.0 |      17 |       0 |   0.0
            +---------+---------+-------+---------+---------+-------
